 Dungeon Crawl Stone Soup version 0.22-a0-142-g91cc6d7 (webtiles) character file.

75673 mhoghedin the Blocker (level 15, -17/126 HPs)
             Began as a Red Draconian Wizard on Feb 4, 2018.
             Was a High Priest of Sif Muna.
             Hit by a large rock thrown by a stone giant (38 damage)
             ... on level 2 of the Orcish Mines on Feb 5, 2018.
             The game lasted 02:12:45 (33225 turns).

mhoghedin the Blocker (Red Draconian Wizard)       Turns: 33225, Time: 02:12:45

Health: -17/126    AC: 17    Str: 10    XL:     15   Next: 10%
Magic:  0/26       EV: 22    Int: 22    God:    Sif Muna [*****.]
Gold:   614        SH: 14    Dex: 15    Spells: 5/29 levels left

rFire    + + .     SeeInvis +   a - +3 short sword (elec)
rCold    + . .     Gourm    .   h - +2 shield of Resistance {rF+ rC+ MR+}
rNeg     . . .     Faith    .   (armour unavailable)
rPois    +         Spirit   +   q - +2 hat
rElec    .         Reflect  .   f - +2 cloak
rCorr    .         Harm     .   P - +2 pair of gloves
MR       ++...     Clarity  +   (no boots)
Stlth    +++.......             T - amulet of guardian spirit {Spirit}
HPRegen  0.00/turn              H - ring of poison resistance {rPois, !d}
MPRegen  0.20/turn              C - ring of see invisible {sInv, !d}

@: agile, flying, divine energy
A: breathe fire, unfitting armour, big wings, fangs 1, clarity, dopey 1, fire
resistance 1, inhibited regeneration, cold-blooded, AC +9
a: Breathe Fire, Stop Flying, Stop Divine Energy, Channel Magic, Forget Spell,
Renounce Religion


You were on level 2 of the Orcish Mines.
You worshipped Sif Muna.
Sif Muna was extremely pleased with you.
You were not hungry.

You visited 3 branches of the dungeon, and saw 23 of its levels.
You also visited: Sewer and Volcano.

You collected 1767 gold pieces.
You spent 1153 gold pieces at shops.

Inventory:

Hand Weapons
 a - a +3 short sword of electrocution (weapon)
   (You found it on level 2 of the Dungeon)
 V - a +0 scimitar of flaming
   (You took it off an efreet in a volcano)
Missiles
 g - 3 throwing nets {=f, !d}
Armour
 f - a +2 cloak (worn)
   (You took it off Maurice on level 9 of the Dungeon)
 h - the +2 shield of Resistance (worn) {rF+ rC+ MR+}
   (You bought it in a shop on level 12 of the Dungeon)

   It protects you from fire.
   It protects you from cold.
   It affects your resistance to hostile enchantments.
 q - a +2 hat (worn)
 P - a +2 pair of gloves (worn)
   (You found it on level 2 of the Lair of Beasts)
Jewellery
 k - an uncursed ring of positive energy {rN+}
   (You found it on level 1 of the Dungeon)
 r - an uncursed ring of protection from magic {MR+, !d}
   (You found it on level 6 of the Dungeon)
 C - a ring of see invisible (right hand) {sInv, !d}
   (You found it on level 9 of the Dungeon)
 H - a ring of poison resistance (left hand) {rPois, !d}
   (You took it off a centaur warrior on level 9 of the Dungeon)
 T - an amulet of guardian spirit (around neck) {Spirit}
   (You found it on level 13 of the Dungeon)
Wands
 v - a wand of paralysis (28)
   (You found it on level 7 of the Dungeon)
 y - a wand of enslavement (27)
   (You found it on level 6 of the Dungeon)
 D - a wand of digging (10)
   (You found it on level 4 of the Lair of Beasts)
 F - a wand of disintegration (23)
   (You took it off Maurice on level 9 of the Dungeon)
 K - a wand of polymorph (19)
   (You found it on level 1 of the Lair of Beasts)
 R - a wand of flame (53)
   (You found it on level 13 of the Dungeon)
 Z - a wand of iceblast (6)
   (You found it on level 6 of the Lair of Beasts)
Scrolls
 i - 2 scrolls of enchant armour
 j - 19 scrolls of remove curse
 m - 3 scrolls of enchant weapon
 n - 3 scrolls of magic mapping {!r}
 o - 5 scrolls of teleportation
 G - a scroll of holy word {!r}
 L - 4 scrolls of identify
 M - a scroll of blinking {!r}
 S - 3 scrolls of fear
Potions
 b - a potion of berserk rage {unknown}
 d - 10 potions of curing
 e - 4 potions of lignification {!q}
 l - 4 potions of flight
 s - 2 potions of magic
 u - 2 potions of mutation {!q}
 x - a potion of degeneration {!q}
 z - 3 potions of haste
 A - 2 potions of might
 N - 3 potions of ambrosia
 U - 3 potions of brilliance
 W - a potion of invisibility
Books
 w - Sif Muna's Guide on the Creative Frostbite
   (Sif Muna gifted it to you on level 15 of the Dungeon)

   Spells                             Type                      Level
   a - Summon Small Mammal            Summoning                    1
   b - Ensorcelled Hibernation        Hexes/Ice                    2
   c - Throw Icicle                   Conjuration/Ice              4
   d - Summon Mana Viper              Hexes/Summoning              5
   e - Aura of Abjuration             Summoning                    5
   f - Spellforged Servitor           Conjuration/Summoning        7
 E - a book of the Dragon
   (You found it on level 6 of the Lair of Beasts)
 Y - Sif Muna's Grimoire of Supportive Enhancements
   (Sif Muna gifted it to you on level 6 of the Lair of Beasts)

   Spells                             Type                      Level
   a - Call Canine Familiar           Summoning                    3
   b - Summon Lightning Spire         Summoning/Air                4
   c - Iskenderun's Battlesphere      Conjuration/Charms           5
   d - Summon Forest                  Summoning/Translocation      5
   e - Summon Hydra                   Summoning                    7
   f - Malign Gateway                 Summoning/Translocation      7
   g - Monstrous Menagerie            Summoning                    7
Miscellaneous
 p - a fan of gales
   (You found it on level 3 of the Lair of Beasts)
 Q - 2 sacks of spiders
Comestibles
 c - 18 rations


   Skills:
 - Level 9.9 Fighting
 - Level 7.9 Short Blades
 - Level 8.2 Dodging
 - Level 1.7 Stealth
 * Level 11.7 Shields
 + Level 7.8 Spellcasting
 - Level 8.4 Conjurations
   Level 3.8 Hexes
 - Level 10.3 Summonings
 - Level 4.5 Translocations
 - Level 8.2 Fire Magic
 - Level 4.0 Air Magic
 - Level 4.0 Poison Magic
 - Level 3.0 Invocations
 - Level 6.0 Evocations


You had 5 spell levels left.
You knew the following spells:

 Your Spells              Type           Power        Failure   Level  Hunger
a - Summon Lightning Spi  Summ/Air       #####...     6%          4    ###....
b - Blink                 Tloc           N/A          2%          2    None
c - Sticky Flame          Conj/Fire      #####...     3%          4    ###....
d - Bolt of Fire          Conj/Fire      #####.....   50%         6    ######.
e - Summon Demon          Summ           ######....   4%          5    #####..
x - Mephitic Cloud        Conj/Pois/Air  ####....     3%          3    None


Dungeon Overview and Level Annotations

Branches:
Dungeon (15/15)            Temple (0/1) D:4            Lair (6/6) D:9
 Shoals (0/4) Lair:4       Spider (0/4) Lair:2        Slime (0/5) Lair:5
    Orc (2/2) D:12         Vaults (0/5) D:13         Depths (0/5) D:15
    Elf: Orc:2

Altars:
Ashenzari
Cheibriados
Kikubaaqudgha
Makhleb
Nemelex Xobeh
Okawaru
Ru
Sif Muna
Uskayaw
Wu Jian
Xom
Yredelemnul
The Shining One

Shops:
D:4 [?   D:8 *   D:9 :   D:12 [   D:15 =

Annotations:
D:14 2 transporters


Innate Abilities, Weirdness & Mutations

You can breathe blasts of fire.
Your fiery red scales are hard. (AC +9)
You cannot fit into any form of body armour.
Your flesh is heat resistant. (rF+)
You are cold-blooded and may be slowed by cold attacks.
Your large and strong wings let you fly indefinitely.
You have very sharp teeth.
You possess an exceptional clarity of mind.
You are dopey. (Int -2)
You do not regenerate when monsters are visible.


Message History

Things that are here:
a dagger; a falchion A troll is nearby!
The troll misses you. x2; The troll barely misses you.
You puncture the troll!
A two-headed ogre comes into view. It is wielding two giant spiked clubs.
You barely miss the troll. The troll bites you.
The troll claws you but does no damage. x2
You take 4 damage, and have 96/126 hp.
You now have 24/26 mp.
You puncture the troll!
Your tail-slap misses the troll.
You block the troll's attack. The troll claws you but does no damage.
You block the troll's attack.
You hit the troll. Lightning courses through the troll!
Your bite misses the troll. You block the troll's attack.
The troll claws you but does no damage. The troll closely misses you.
You hit the troll. Lightning courses through the troll!
You kill the troll!
Sif Muna accepts your kill.
A stone giant comes into view.
The stone giant shouts!
You hear two shouts!
A two-headed ogre comes into view. It is wielding two giant clubs.
You hit the stone giant but do no damage.
You tail-slap the stone giant, but do no damage.
You hit the stone giant but do no damage.
Lightning courses through the stone giant!
The stone giant hits you!!
You are too injured to fight recklessly!
You take 22 damage, and have 74/126 hp.
You now have 20/26 mp.
You are too injured to fight recklessly!
You are too injured to fight recklessly!
You are too injured to fight recklessly!
You are too injured to fight recklessly!
You are too injured to fight recklessly!
You are too injured to fight recklessly!
Unknown command.
Unknown command.
Unknown command.
Okay, then.
Unknown command.
Aim: a stone giant (moderately wounded)
Okay, then.
Unknown command.
You blink.
You block the two-headed ogre's attack.
The two-headed ogre hits you with a giant club.
You block the two-headed ogre's attack.
The two-headed ogre completely misses you.
A cyclops comes into view.
You take 4 damage, and have 70/126 hp.
You now have 17/26 mp.
You blink.
You now have 15/26 mp.
The rock shatters into small pieces.
An electric hum fills the air.
The two-headed ogre hits you with a giant club.
The two-headed ogre hits you with a giant club!
You take 15 damage, and have 55/126 hp.
You now have 10/26 mp.
Your lightning spire shoots out a bolt of lightning at the two-headed ogre!
The bolt of electricity hits the two-headed ogre. x2
The bolt of electricity hits your lightning spire.
Your lightning spire completely resists.
You completely miss the two-headed ogre.
You barely miss the two-headed ogre.
The two-headed ogre hits you with a giant club!!
The two-headed ogre hits you with a giant club.
* * * LOW HITPOINT WARNING * * *
You take 20 damage, and have 35/126 hp.
You now have 6/26 mp.
Unknown command.
You feel agile all of a sudden.
Your lightning spire shoots out a bolt of lightning at the stone giant!
The bolt of electricity hits the two-headed ogre.
The bolt of electricity hits the stone giant. x2
The bolt of electricity hits the two-headed ogre.
You feel much better.
The two-headed ogre hits your lightning spire with a giant club! x2
Your lightning spire is destroyed!
You regained 22 hp, and now have 57/126 hp.
You open a gate to Pandemonium!
A demon appears!
The two-headed ogre shouts in stereo!
You hear a shout!
The stone giant throws a large rock.
The large rock hits you!!!
* * * LOW HITPOINT WARNING * * *
You block the two-headed ogre's attack. The two-headed ogre misses you.
You take 37 damage, and have 20/126 hp.
MASSIVE DAMAGE!!
You now have 1/26 mp.
The stone giant throws a large rock.
The large rock hits you but does no damage.
You see here a large rock {!d}.
Okay, then.
Unknown command.
Okay, then.
Unknown command.
Your smoke demon hits the two-headed ogre.
Your smoke demon hits the two-headed ogre but does no damage. x2
Your smoke demon hits the stone giant but does no damage. x3
Your smoke demon hits the two-headed ogre. x2
Your smoke demon closely misses the two-headed ogre.
The stone giant throws a large rock.
The large rock barely misses your smoke demon.
The large rock hits you!!!
You die...

...#####.........###.....ยง..###
.....####.........##.......O..#
.......#..........#..........##
.........)........#...#..##...#..
#.#.......#.##........####.......
###.......#####.......###O.......
####.....## #.....####C##.#....
##.#.......# ###.....#(.#####..##
#....))....###<.@...3CO.## .#.#
##....))..........#..O...## .##
.#....#...........##......# #
......##........###.......##
.....###........####.......#
......#.........#.#......#.#
............#....###...#####
.##........###....#......#
###.........#...........##


You could see a stone giant, 2 two-headed ogres and a friendly smoke demon.

Vanquished Creatures
  Nessos (Lair:5)
  A yaktaur captain (D:15)
  4 vault guards (D:13)
  4 hydras
  4 centaur warriors
  4 two-headed ogres
  The ghost of Yosebu the Geomancer, a journeyman GrEE of Vehumet (D:10)
  Nergalle (Lair:3)
  A fire crab (Lair:6)
  5 skeletal warriors (D:14)
  Pikel (D:8)
  A lindwurm (shapeshifter) (D:15)
  A wolf spider zombie (D:15)
  3 orc knights
  A wolf spider (D:15)
  3 ugly things (D:15)
  An orc sorcerer (Orc:2)
  2 cyclopes
  3 manticores
  A deep elf mage (D:15)
  The ghost of Tovarisch the Summoner, a novice MfSu of Sif Muna (D:6)
  A centaur zombie (D:13)
  Maurice (D:9)
  2 elephants (Lair:6)
  2 black mambas
  A torpor snail (Lair:5)
  Psyche (D:8)
  10 spiny frogs
  2 gargoyles
  7 komodo dragons
  5 rime drakes
  A yaktaur (D:15)
  A kobold demonologist (D:14)
  A wind drake (Lair:6)
  2 polar bears (Lair:6)
  3 meliai (D:15)
  Prince Ribbit (Lair:3)
  2 jumping spiders (Lair:2)
  A hornet (D:8)
  2 trolls (Orc:2)
  15 blink frogs
  12 slime creatures
  5 hippogriffs
  A centaur simulacrum (D:14)
  4 wyverns
  A redback (Lair:2)
  11 spriggans (Lair:3)
  A vampire (D:10)
  A wraith (D:12)
  Eustachio (D:4)
  Grum (D:8)
  32 yaks
  A fire elemental (Volcano)
  2 hungry ghosts
  6 vampire mosquitoes
  4 basilisks
  A warg (Orc:2)
  A soldier ant (D:15)
  18 water moccasins
  5 porcupines
  4 sky beasts
  17 orc warriors
  3 phantoms
  4 ice beasts
  An eye of draining (shapeshifter) (D:14)
  A necrophage (D:11)
  2 slaves (D:8)
  9 ogres
  6 centaurs
  2 eyes of draining
  2 boggarts (Lair:3)
  11 wolves
  5 crocodiles
  5 big kobolds
  15 bullfrogs
  3 scorpions
  13 wights
  An electric eel (Lair:1)
  8 howler monkeys
  5 crimson imps
  A quasit (D:12)
  3 bullfrog zombies
  11 orc priests
  4 hounds
  7 jellies
  A bullfrog skeleton (D:4)
  An iguana (D:11)
  10 orc wizards
  12 worker ants
  A killer bee zombie (D:5)
  A hound skeleton (D:5)
  A worker ant zombie (D:6)
  11 adders
  4 shadow imps
  3 oozes (Lair:5)
  An adder zombie (D:7)
  An adder skeleton (D:4)
  3 dart slugs
  5 leopard geckos
  57 orcs
  14 bats
  6 giant cockroaches
  9 goblins
  5 hobgoblins
  8 jackals
  2 quokkas
  A ball python (D:3)
  7 frilled lizards
  22 kobolds
  A leopard gecko zombie (D:6)
  18 rats
  A plant (Lair:4)
562 creatures vanquished.

Vanquished Creatures (collateral kills)
  A dire elephant (Lair:6)
  4 vault guards (D:13)
  A centaur warrior (D:14)
  3 hydras
  A two-headed ogre (D:13)
  A merfolk avatar (Lair:6)
  3 skeletal warriors (D:14)
  An unseen horror (D:15)
  A wolf spider (Lair:2)
  4 ugly things
  A cyclops (D:10)
  A black mamba (Lair:6)
  6 elephants
  3 gargoyles
  5 spiny frogs
  3 centaur skeletons
  2 rime drakes (Lair:6)
  2 efreet
  2 komodo dragons
  A tyrant leech (shapeshifter) (D:15)
  2 polar bears
  3 trolls
  2 wind drakes (Lair:6)
  4 hornets
  A hippogriff (Lair:6)
  4 slime creatures
  9 blink frogs
  A spriggan (Lair:3)
  A centaur simulacrum (D:14)
  9 yaks
  A wyvern (Lair:6)
  2 hungry ghosts
  A vampire mosquito (D:14)
  3 water moccasins
  3 porcupines
  4 orc warriors
  A sky beast (D:12)
  A boggart (Lair:3)
  2 ogres
  5 centaurs (D:14)
  5 crocodiles
  Blork the orc (D:4)
  2 bullfrogs
  A scorpion (D:8)
  3 wights (D:13)
  A hound (D:10)
  3 orc priests
  An orc wizard (D:12)
  Robin (D:2)
  3 adders (D:2)
  14 orcs
  A bat (D:2)
  7 goblins (D:2)
  5 kobolds (Sewer)
  A quokka (D:4)
  A rat (D:2)
155 creatures vanquished.

Vanquished Creatures (others)
  A spiny frog (Lair:5)
  A rime drake (Lair:5)
  2 yaks (Lair:5)
  An ogre (D:7)
  A slave (D:8)
  A scorpion (D:8)
  A crimson imp (D:6)
  15 fungi
  17 plants
40 creatures vanquished.

Grand Total: 757 creatures vanquished

Notes
Turn   | Place    | Note
-------+----------+-------------------------------------------
     0 | D:1      | mhoghedin the Draconian Wizard began the quest for the Orb.
     0 | D:1      | Reached XP level 1. HP: 14/14 MP: 4/4
   181 | D:1      | Reached skill level 1 in Fighting
   412 | D:1      | Reached XP level 2. HP: 24/24 MP: 6/6
   429 | D:1      | Learned a level 2 spell: Blink
   432 | D:1      | Learned a level 2 spell: Call Imp
  1200 | D:1      | Reached XP level 3. HP: 17/29 MP: 7/7
  1295 | D:2      | Reached skill level 2 in Fighting
  1584 | D:2      | Noticed Robin
  1599 | D:2      | Reached skill level 2 in Conjurations
  1611 | D:2      | Killed Robin
  1611 | D:2      | Reached XP level 4. HP: 32/37 MP: 2/9
  2047 | D:3      | Found a snail-covered altar of Cheibriados.
  2049 | D:3      | Found an ornate altar of the Wu Jian Council.
  2051 | D:3      | Found a deep blue altar of Sif Muna.
  2055 | D:3      | Found a hide-covered altar of Uskayaw.
  2055 | D:3      | Found a sacrificial altar of Ru.
  2055 | D:3      | Found a burning altar of Makhleb.
  2075 | D:3      | Became a worshipper of Sif Muna the Loreminder
  2122 | D:3      | Reached skill level 2 in Dodging
  2299 | D:3      | Reached skill level 1 in Short Blades
  2389 | D:3      | Noticed a sky beast
  2466 | D:3      | Reached XP level 5. HP: 44/44 MP: 10/10
  2737 | D:3      | Found an iron altar of Okawaru.
  3011 | D:4      | Reached skill level 3 in Fighting
  3016 | D:4      | Got a transparent short sword
  3017 | D:4      | Identified the cursed +1 short sword "Ydaolyu" {speed, Int-3 Dex+4} (You found it on level 4 of the Dungeon)
  3048 | D:4      | Found a shattered altar of Ashenzari.
  3049 | D:4      | Noticed Blork the orc
  3068 | D:4      | Killed Blork the orc
  3213 | D:4      | Learned a level 2 spell: Slow
  3217 | D:4      | Learned a level 3 spell: Conjure Flame
  3251 | D:4      | Found Vouqo's Antique Armour Shop.
  3282 | D:4      | Found a staircase to the Ecumenical Temple.
  3310 | D:4      | Found a glowing drain.
  3320 | D:4      | Reached skill level 2 in Short Blades
  3332 | Sewer    | Entered a sewer
  3367 | Sewer    | Reached XP level 6. HP: 52/52 MP: 11/11
  3484 | Sewer    | Reached skill level 3 in Dodging
  3492 | Sewer    | Reached skill level 4 in Fighting
  3492 | Sewer    | Reached skill level 3 in Short Blades
  3833 | D:4      | Found Kuitwuq's Magic Scroll Shoppe.
  3966 | D:4      | Noticed Eustachio
  3994 | D:4      | Killed Eustachio
  3994 | D:4      | Your scales start taking on a fiery red colour.
  3994 | D:4      | Reached XP level 7. HP: 40/60 MP: 12/12
  3994 | D:4      | Gained mutation: Your flesh is heat resistant. (rF+) [Red Draconian growth]
  4081 | D:4      | Learned a level 3 spell: Mephitic Cloud
  4385 | D:4      | Gained mutation: You do not regenerate when monsters are visible. [potion of mutation]
  4385 | D:4      | Gained mutation: Your flesh is cold resistant. (rC+) [potion of mutation]
  4394 | D:5      | Entered Level 5 of the Dungeon
  4444 | D:5      | Reached skill level 5 in Fighting
  4444 | D:5      | Reached skill level 4 in Dodging
  4458 | D:5      | Reached skill level 4 in Short Blades
  4467 | D:5      | Reached * piety under Sif Muna
  4498 | D:5      | Found a sparkling altar of Nemelex Xobeh.
  5051 | D:6      | Reached XP level 8. HP: 69/69 MP: 13/13
  5072 | D:6      | Reached skill level 1 in Fire Magic
  5083 | D:6      | Reached skill level 2 in Summonings
  5192 | D:6      | Noticed Tovarisch's ghost (novice MfSu)
  5231 | D:6      | Reached skill level 1 in Hexes
  5231 | D:6      | Reached skill level 1 in Air Magic
  5231 | D:6      | Reached skill level 1 in Poison Magic
  5335 | D:6      | Killed Tovarisch's ghost
  5335 | D:6      | Reached skill level 4 in Spellcasting
  5335 | D:6      | Reached skill level 3 in Conjurations
  5335 | D:6      | Reached skill level 2 in Translocations
  5335 | D:6      | Reached skill level 2 in Fire Magic
  5822 | D:6      | Reached ** piety under Sif Muna
  5915 | D:6      | Reached skill level 2 in Air Magic
  5930 | D:6      | Reached skill level 2 in Poison Magic
  6318 | D:7      | Found a shimmering altar of Xom.
  6850 | D:8      | Reached skill level 3 in Summonings
  6852 | D:8      | Reached XP level 9. HP: 70/74 MP: 15/15
  6857 | D:8      | Reached skill level 2 in Hexes
  6888 | D:8      | Noticed Grum
  6895 | D:8      | Reached skill level 3 in Translocations
  6903 | D:8      | Reached skill level 3 in Fire Magic
  6904 | D:8      | Killed Grum
  7182 | D:8      | Noticed Pikel
  7211 | D:8      | Reached skill level 3 in Poison Magic
  7229 | D:8      | Reached skill level 3 in Air Magic
  7244 | D:8      | Killed Pikel
  7244 | D:8      | Reached *** piety under Sif Muna
  7244 | D:8      | Reached skill level 4 in Conjurations
  7244 | D:8      | Reached skill level 4 in Fire Magic
  7306 | D:8      | Reached skill level 3 in Hexes
  7413 | D:8      | Reached skill level 4 in Translocations
  7465 | D:8      | Reached skill level 4 in Summonings
  7600 | D:8      | Noticed Psyche
  7623 | D:8      | Killed Psyche
  7623 | D:8      | Reached skill level 5 in Conjurations
  7880 | D:8      | Found Nuul's General Store.
  8327 | D:9      | Noticed a two-headed ogre
  8435 | D:9      | Reached XP level 10. HP: 57/83 MP: 16/16
  8462 | D:9      | Reached skill level 1 in Invocations
  8543 | D:9      | HP: 8/83 [two-headed ogre/giant club (17)]
  8909 | D:9      | Noticed a centaur warrior
  8965 | D:9      | Paralysed by a hornet for 1 turns
  9313 | D:9      | Upgraded the game from 0.22-a0-136-g83a10e5 to 0.22-a0-142-g91cc6d7
  9341 | D:9      | Killed a two-headed ogre
  9341 | D:9      | Reached **** piety under Sif Muna
  9408 | D:9      | Noticed Maurice
  9423 | D:9      | Killed Maurice
  9423 | D:9      | Reached skill level 4 in Air Magic
  9423 | D:9      | Reached skill level 4 in Poison Magic
  9464 | D:9      | Reached skill level 3 in Invocations
  9651 | D:9      | Found a staircase to the Lair.
  9682 | D:9      | Found Haosaimy's Book Emporium.
  9713 | D:9      | Reached skill level 1 in Evocations
  9778 | D:9      | Reached skill level 2 in Evocations
  9829 | D:9      | HP: 18/83 [centaur warrior/long sword (10)]
  9835 | D:9      | Killed a centaur warrior
  9835 | D:9      | Reached skill level 4 in Evocations
 10178 | D:9      | Reached skill level 5 in Evocations
 10184 | D:9      | Got a scorched copper amulet
 10276 | D:9      | Found an ancient bone altar of Kikubaaqudgha.
 10345 | D:9      | Found a glowing golden altar of the Shining One.
 10351 | D:9      | Found an ancient bone altar of Kikubaaqudgha.
 10387 | D:9      | Identified the amulet "Hasik" {+Rage +Fly rF+} (You found it on level 9 of the Dungeon)
 10491 | D:10     | Entered Level 10 of the Dungeon
 10497 | D:10     | Reached skill level 6 in Fighting
 10508 | D:10     | Noticed a cyclops
 10573 | Lair:1   | Entered Level 1 of the Lair of Beasts
 10605 | Lair:1   | Reached skill level 5 in Dodging
 10973 | Lair:1   | Reached XP level 11. HP: 87/91 MP: 17/17
 11000 | D:9      | Bought the Tome of Conjuration and Companions for 578 gold pieces
 11006 | D:9      | Learned a level 5 spell: Summon Demon
 11398 | Lair:1   | Reached skill level 5 in Spellcasting
 11433 | Lair:1   | Reached skill level 5 in Summonings
 11717 | Lair:1   | Reached ***** piety under Sif Muna
 11743 | Lair:1   | HP: 10/91 [komodo dragon (27)]
 12347 | Lair:1   | Identified Naelligh's Volume of Battle Magic (Sif Muna gifted it to you on level 1 of the Lair of Beasts)
 12347 | Lair:1   | Received a gift from Sif Muna
 12743 | Lair:1   | Reached skill level 6 in Summonings
 13144 | Lair:2   | Noticed a wolf spider
 13145 | Lair:2   | Found a hole to the Spider Nest.
 13160 | Lair:2   | Reached skill level 6 in Spellcasting
 13160 | Lair:2   | Killed a wolf spider
 13259 | Lair:2   | Learned a level 4 spell: Iskenderun's Mystic Blast
 13919 | Lair:2   | Reached skill level 7 in Summonings
 13926 | Lair:2   | Reached skill level 6 in Conjurations
 14239 | Lair:2   | Lost mutation: Your flesh is cold resistant. (rC+) [potion of mutation]
 14239 | Lair:2   | Gained mutation: You have very sharp teeth. [potion of mutation]
 14239 | Lair:2   | Gained mutation: You are frail. (-10% HP) [potion of mutation]
 14239 | Lair:2   | Gained mutation: You are resistant to hostile enchantments. (MR+) [potion of mutation]
 14239 | Lair:2   | Gained mutation: Your flesh is cold resistant. (rC+) [potion of mutation]
 14240 | Lair:2   | Lost mutation: You are frail. (-10% HP) [potion of mutation]
 14240 | Lair:2   | Lost mutation: Your flesh is cold resistant. (rC+) [potion of mutation]
 14240 | Lair:2   | Lost mutation: You are resistant to hostile enchantments. (MR+) [potion of mutation]
 14240 | Lair:2   | Gained mutation: Your spells are a little easier to cast, but a little less powerful. [potion of mutation]
 14240 | Lair:2   | Gained mutation: You are robust. (+10% HP) [potion of mutation]
 14240 | Lair:2   | Gained mutation: You are dopey. (Int -2) [potion of mutation]
 14240 | Lair:2   | Gained mutation: You are resistant to hostile enchantments. (MR+) [potion of mutation]
 14241 | Lair:2   | Lost mutation: You are resistant to hostile enchantments. (MR+) [potion of mutation]
 14241 | Lair:2   | Lost mutation: Your spells are a little easier to cast, but a little less powerful. [potion of mutation]
 14241 | Lair:2   | Lost mutation: You are robust. (+10% HP) [potion of mutation]
 14241 | Lair:2   | Lost mutation: You are dopey. (Int -2) [potion of mutation]
 14241 | Lair:2   | Gained mutation: Your large and strong wings let you fly indefinitely. [potion of mutation]
 14241 | Lair:2   | Gained mutation: You possess an exceptional clarity of mind. [potion of mutation]
 14340 | Lair:2   | Reached skill level 8 in Summonings
 14774 | Lair:3   | Noticed Nergalle
 14776 | Lair:3   | Noticed a spectral orc warlord
 14776 | Lair:3   | Noticed a spectral orc warlord
 14784 | Lair:3   | Killed Nergalle
 15089 | Lair:3   | Noticed Prince Ribbit
 15094 | Lair:3   | Killed Prince Ribbit
 15094 | Lair:3   | Reached skill level 5 in Short Blades
 15097 | Lair:3   | Reached skill level 7 in Fighting
 15099 | Lair:3   | Reached XP level 12. HP: 100/100 MP: 21/21
 15550 | Lair:3   | Reached skill level 6 in Dodging
 16079 | Lair:3   | HP: 35/150 [spriggan/rapier (13)]
 16085 | Lair:3   | HP: 23/101 [poisoned by a spriggan]
 16091 | Lair:3   | HP: 23/101 [poisoned by a spriggan]
 16522 | Lair:3   | Reached skill level 6 in Evocations
 16534 | Lair:3   | Reached skill level 9 in Summonings
 16617 | Lair:3   | Reached skill level 6 in Short Blades
 16865 | Lair:3   | Reached skill level 8 in Fighting
 16874 | Lair:3   | Reached skill level 1 in Shields
 17304 | Lair:4   | Noticed a five-headed hydra
 17313 | Lair:4   | Killed a five-headed hydra
 17313 | Lair:4   | Reached skill level 2 in Shields
 17412 | Lair:4   | Reached skill level 7 in Dodging
 17779 | Lair:4   | Reached skill level 3 in Shields
 18079 | Lair:4   | Reached skill level 7 in Short Blades
 18359 | Lair:4   | Noticed an eight-headed hydra
 18367 | Lair:4   | Killed an eight-headed hydra
 18401 | Lair:4   | Found a staircase to the Shoals.
 18532 | Lair:5   | Learned a level 3 spell: Dazzling Spray
 18572 | Lair:5   | Reached skill level 9 in Fighting
 18588 | Lair:5   | Received a gift from Sif Muna
 18841 | Lair:5   | Found a staircase to the Slime Pits.
 19293 | Lair:5   | Noticed Nessos
 19304 | Lair:5   | Killed Nessos
 19304 | Lair:5   | Reached skill level 4 in Shields
 19304 | Lair:5   | Reached XP level 13. HP: 111/111 MP: 22/22
 19534 | Lair:5   | Found a burning altar of Makhleb.
 19621 | Lair:5   | Found a glowing golden altar of the Shining One.
 20335 | Lair:5   | Learned a level 4 spell: Sticky Flame
 20383 | Lair:6   | Entered Level 6 of the Lair of Beasts
 20487 | Lair:6   | Reached skill level 8 in Dodging
 20575 | Lair:6   | Reached skill level 5 in Fire Magic
 20599 | Lair:6   | Found a dark tunnel.
 20608 | Volcano  | Entered a volcano
 21340 | Lair:6   | HP: 28/112 [six-headed hydra (11)]
 21344 | Lair:6   | HP: 13/112 [six-headed hydra (15)]
 21364 | Lair:6   | HP: 26/112 [wyvern (1)]
 21372 | Lair:5   | HP: 8/112 [wyvern (14)]
 21732 | Lair:6   | HP: 26/112 [wind drake/the air (15)]
 21741 | Lair:6   | HP: 21/112 [komodo dragon (5)]
 22098 | Lair:6   | Reached skill level 6 in Fire Magic
 22107 | Lair:6   | Reached skill level 7 in Conjurations
 22235 | Lair:6   | Noticed a dire elephant
 22244 | Lair:6   | Killed a dire elephant
 22593 | Lair:6   | Reached skill level 7 in Fire Magic
 23210 | Lair:6   | Identified Sif Muna's Grimoire of Supportive Enhancements (Sif Muna gifted it to you on level 6 of the Lair of Beasts)
 23210 | Lair:6   | Received a gift from Sif Muna
 23364 | Lair:6   | Learned a level 4 spell: Summon Lightning Spire
 23435 | Lair:6   | Reached skill level 10 in Summonings
 23915 | D:10     | Noticed Yosebu's ghost (journeyman GrEE)
 23931 | D:10     | Killed Yosebu's ghost
 24910 | D:11     | HP: 28/113 [hippogriff (7)]
 24916 | D:11     | HP: 14/113 [iguana (7)]
 25342 | D:11     | Reached skill level 8 in Conjurations
 25771 | D:12     | Reached skill level 7 in Spellcasting
 25771 | D:12     | Reached XP level 14. HP: 64/119 MP: 20/24
 25782 | D:12     | Learned a level 6 spell: Bolt of Fire
 26068 | D:12     | Reached skill level 8 in Fire Magic
 26081 | D:12     | Found a staircase to the Orcish Mines.
 26533 | D:12     | Found Myofit's Armour Shop.
 26546 | D:12     | Bought the +2 shield of Resistance {rF+ rC+ MR+} for 575 gold pieces
 26546 | D:12     | Found the +2 shield of Resistance {rF+ rC+ MR+}
 27159 | D:13     | Reached skill level 5 in Shields
 27173 | D:13     | Found a gate to the Vaults.
 27209 | D:13     | Reached skill level 6 in Shields
 27565 | D:13     | HP: 18/119 [cyclops/large rock (35)]
 27978 | D:13     | Reached skill level 7 in Shields
 28495 | D:13     | Reached skill level 8 in Shields
 28852 | D:14     | Found a transporter.
 28853 | D:14     | Noticed an acid blob
 29449 | D:14     | Reached skill level 9 in Shields
 29627 | D:14     | Found a sparkling altar of Nemelex Xobeh.
 29668 | D:14     | Found a transporter.
 30384 | D:15     | Entered Level 15 of the Dungeon
 30396 | D:15     | Found Mibliah's Jewellery Boutique.
 30428 | D:15     | Reached skill level 10 in Shields
 30528 | D:15     | HP: 27/119 [wolf spider (4)]
 30533 | D:15     | HP: 11/119 [wolf spider (4)]
 31045 | D:15     | Identified Sif Muna's Guide on the Creative Frostbite (Sif Muna gifted it to you on level 15 of the Dungeon)
 31045 | D:15     | Received a gift from Sif Muna
 31302 | D:15     | Gained mutation: You are dopey. (Int -2) [a neqoxec]
 31450 | D:15     | Found a basalt altar of Yredelemnul.
 31769 | D:15     | Reached skill level 11 in Shields
 31902 | D:15     | Found a staircase to the Depths.
 32196 | D:15     | Reached XP level 15. HP: 99/126 MP: 23/26
 32417 | Orc:1    | Entered Level 1 of the Orcish Mines
 32443 | Orc:2    | Entered Level 2 of the Orcish Mines
 33219 | Orc:2    | HP: 20/126 [stone giant/large rock (37)]
 33225 | Orc:2    | Hit by a large rock thrown by a stone giant

Vault maps used:
D:1:      dpeg_arrival_triangle_fractal
D:2:      kennysheep_generic_room_2, uniq_robin
D:3:      marbit_many_paths, grunt_temple_overflow_open, lightli_corner_chamber
D:4:      lemuel_round_altar, minmay_temple_entry_enclosed_plants, serial_shops,
          shop, kennysheep_little_box, portal_sewer_entry_a, first_ration,
          uniq_eustachio, uniq_blork_the_orc
D:5:      overflow_temple_1_default
D:6:      lemuel_ice_spiral_2
D:7:      lemuel_round_altar, grunt_ogre_cave
D:8:      serial_shops, shop_statue, uniq_grum, uniq_pikel, uniq_psyche
D:9:      amethyst_overflow_temple_binary, david_lair_shrubbed, basic_altar,
          serial_shops, kennysheep_mini, lightli_fourway_metalbox, uniq_maurice
D:12:     orc_0_dummy, serial_shops, nicolae_shop_window_shopping
D:13:     erik_vaults_2, special_room, minivault_20
D:14:     gammafunk_cloud_chamber, basic_altar, minivault_12
D:15:     grunt_enter_depths_snipers, hangedman_abyss_or_decor_clamps,
          serial_shops, shop, yredelemnul_altar_generic
Lair:1:   beast_lair_carwin_9, serial_bayou_shore_a
Lair:2:   spider_nest_entry_funnel_web
Lair:3:   kb_forest_paths, uniq_nergalle, uniq_prince_ribbit2
Lair:4:   minmay_shoals_entry_beasts
Lair:5:   nicolae_slime_entry_slimehenge, lab_entry_generic, basic_altar,
          lemuel_centaur_altar, uniq_nessos
Lair:6:   gammafunk_lair_ancient_temple, nicolae_volcano_entry_hallway,
          lemuel_old_faithful
Orc:1:    nicolae_orc_accident_2, minmay_orc_barracks
Orc:2:    st_orc_open, mines2_david
Sewer:    kennysheep_pipe_town
Volcano:  volcano_overflow

Skill      XL: |  1  2  3  4  5  6  7  8  9 10 11 12 13 14 |
---------------+-------------------------------------------+-----
Fighting       | 1 2 3 4 5 6 7 9 |  9.9
Conjurations   | 2 3 5 6 8 |  8.4
Dodging        | 2 3 4 5 7 8 |  8.2
Short Blades   | 1 2 3 4 5 7 |  7.9
Fire Magic     | 2 4 7 8 |  8.2
Summonings     | 3 4 8 9 10 | 10.3
Hexes          | 1 3 |  3.8
Air Magic      | 2 3 4 |  4.0
Poison Magic   | 2 3 4 |  4.0
Spellcasting   | 4 6 7 |  7.8
Translocations | 2 4 |  4.5
Invocations    | 3 |  3.0
Evocations     | 5 6 |  6.0
Shields        | 4 11 | 11.7
Stealth        | |  1.7

Action                   |  1- 3 |  4- 6 |  7- 9 | 10-12 | 13-15 || total
-------------------------+-------+-------+-------+-------+-------++-------
Melee: Unarmed           |    41 |       |       |       |       ||    41
       Tailslap          |     3 |    15 |    32 |    69 |   136 ||   255
       Dagger            |     5 |    19 |       |       |       ||    24
       Short sword       |       |   176 |   367 |   617 |  1307 ||  2467
       Bite              |       |       |       |    20 |   101 ||   121
 Fire: Blowgun           |       |       |     3 |       |       ||     3
 Cast: Magic Dart        |    89 |     4 |    18 |    56 |       ||   167
       Call Imp          |     8 |    18 |     9 |    35 |       ||    70
       Slow              |       |     2 |     1 |    33 |     1 ||    37
       Mephitic Cloud    |       |       |    19 |    36 |    28 ||    83
       Conjure Flame     |       |       |     2 |    10 |     2 ||    14
       Blink             |       |       |       |     9 |     5 ||    14
       Summon Demon      |       |       |       |    26 |    42 ||    68
       Iskenderun's Myst |       |       |       |     4 |       ||     4
       Dazzling Spray    |       |       |       |     1 |     3 ||     4
       Sticky Flame      |       |       |       |       |    30 ||    30
       Summon Lightning  |       |       |       |       |    28 ||    28
Invok: Divine Energy     |       |       |     1 |       |       ||     1
 Abil: Breathe Fire      |       |       |     4 |       |     1 ||     5
       Evoke Berserk Rag |       |       |       |     7 |     2 ||     9
       Fly               |       |       |       |     1 |     1 ||     2
       Stop Flying       |       |       |       |       |     1 ||     1
Evoke: Wand              |       |       |       |    18 |    17 ||    35
       Fan of gales      |       |       |       |     1 |     1 ||     2
  Use: Scroll            |     2 |    13 |     6 |    10 |    18 ||    49
       Potion            |       |     1 |    10 |     5 |     4 ||    20
 Stab: Sleeping          |     2 |     2 |     1 |       |       ||     5
       Confused          |       |       |     3 |     7 |     9 ||    19
       Paralysed         |       |       |       |     8 |     6 ||    14
       Distracted        |       |       |       |     2 |     6 ||     8
  Eat: Ration            |     1 |     1 |     4 |     6 |    13 ||    25
       Chunk             |       |     4 |     4 |    28 |    27 ||    63
Armor: Skin              |    13 |    38 |    77 |   185 |   305 ||   618
Dodge: Dodged            |    58 |   107 |   193 |   329 |   556 ||  1243
Block: Other             |       |       |       |     2 |       ||     2
       Buckler           |       |       |       |    23 |   104 ||   127
       Reflection        |       |       |       |       |     9 ||     9
       Shield            |       |       |       |       |   347 ||   347

Table legend:
 A = Spawn XP
 B = Non-spawn XP
 C = Spawn XP percentage of total XP
 D = Spawn monster count
 E = Non-spawn monster count
 F = Spawn count percentage of total count
 G = Total turns spent on level
                    A         B        C        D         E        F      G
               +---------+---------+-------+---------+---------+-------+---------
         Total |       0 |  108105 |   0.0 |       0 |     718 |   0.0 | 33225
               +---------+---------+-------+---------+---------+-------+---------
           D:1 |       0 |      43 |   0.0 |       0 |      27 |   0.0 |  1284
           D:2 |       0 |      92 |   0.0 |       0 |      34 |   0.0 |   740
           D:3 |       0 |     100 |   0.0 |       0 |      33 |   0.0 |   982
           D:4 |       0 |     388 |   0.0 |       0 |      11 |   0.0 |   938
           D:5 |       0 |     443 |   0.0 |       0 |      12 |   0.0 |   871
           D:6 |       0 |    1207 |   0.0 |       0 |      22 |   0.0 |   830
           D:7 |       0 |     130 |   0.0 |       0 |       7 |   0.0 |   690
           D:8 |       0 |    2934 |   0.0 |       0 |      39 |   0.0 |  2005
           D:9 |       0 |    3907 |   0.0 |       0 |      28 |   0.0 |  2224
          D:10 |       0 |    2801 |   0.0 |       0 |      20 |   0.0 |   876
          D:11 |       0 |    4677 |   0.0 |       0 |      37 |   0.0 |   968
          D:12 |       0 |    3432 |   0.0 |       0 |      26 |   0.0 |  1226
          D:13 |       0 |   12727 |   0.0 |       0 |      65 |   0.0 |  2008
          D:14 |       0 |    9458 |   0.0 |       0 |      36 |   0.0 |  2011
          D:15 |       0 |   13927 |   0.0 |       0 |      38 |   0.0 |  1545
        Lair:1 |       0 |    4984 |   0.0 |       0 |      30 |   0.0 |  2320
        Lair:2 |       0 |    4472 |   0.0 |       0 |      20 |   0.0 |  1909
        Lair:3 |       0 |   10585 |   0.0 |       0 |      54 |   0.0 |  2375
        Lair:4 |       0 |    6078 |   0.0 |       0 |      30 |   0.0 |  1270
        Lair:5 |       0 |    5997 |   0.0 |       0 |      36 |   0.0 |  2319
        Lair:6 |       0 |   13818 |   0.0 |       0 |      49 |   0.0 |  1947
         Orc:2 |       0 |    4575 |   0.0 |       0 |      36 |   0.0 |   782
         Sewer |       0 |     311 |   0.0 |       0 |      24 |   0.0 |   450
       Volcano |       0 |    1019 |   0.0 |       0 |       4 |   0.0 |   629
               +---------+---------+-------+---------+---------+-------+---------

Vault maps used:
D:1:      dpeg_arrival_triangle_fractal
D:2:      kennysheep_generic_room_2, uniq_robin
D:3:      marbit_many_paths, grunt_temple_overflow_open, lightli_corner_chamber
D:4:      lemuel_round_altar, minmay_temple_entry_enclosed_plants, serial_shops,
          shop, kennysheep_little_box, portal_sewer_entry_a, first_ration,
          uniq_eustachio, uniq_blork_the_orc
D:5:      overflow_temple_1_default
D:6:      lemuel_ice_spiral_2
D:7:      lemuel_round_altar, grunt_ogre_cave
D:8:      serial_shops, shop_statue, uniq_grum, uniq_pikel, uniq_psyche
D:9:      amethyst_overflow_temple_binary, david_lair_shrubbed, basic_altar,
          serial_shops, kennysheep_mini, lightli_fourway_metalbox, uniq_maurice
D:12:     orc_0_dummy, serial_shops, nicolae_shop_window_shopping
D:13:     erik_vaults_2, special_room, minivault_20
D:14:     gammafunk_cloud_chamber, basic_altar, minivault_12
D:15:     grunt_enter_depths_snipers, hangedman_abyss_or_decor_clamps,
          serial_shops, shop, yredelemnul_altar_generic
Lair:1:   beast_lair_carwin_9, serial_bayou_shore_a
Lair:2:   spider_nest_entry_funnel_web
Lair:3:   kb_forest_paths, uniq_nergalle, uniq_prince_ribbit2
Lair:4:   minmay_shoals_entry_beasts
Lair:5:   nicolae_slime_entry_slimehenge, lab_entry_generic, basic_altar,
          lemuel_centaur_altar, uniq_nessos
Lair:6:   gammafunk_lair_ancient_temple, nicolae_volcano_entry_hallway,
          lemuel_old_faithful
Orc:1:    nicolae_orc_accident_2, minmay_orc_barracks
Orc:2:    st_orc_open, mines2_david
Sewer:    kennysheep_pipe_town
Volcano:  volcano_overflow

Table legend:
 A = Turns spent in this place as a percentage of turns spent in the entire game.
 B = Non-inter-level travel turns spent in this place as a percentage of non-inter-level travel turns spent in the entire game.
 C = Inter-level travel turns spent in this place as a percentage of turns spent in this place.
 D = Turns resting spent in this place as a percentage of non-inter-level travel turns spent in this place.
 E = Turns spent auto-exploring this place as a percentage of non-inter-level travel turns spent in this place.
 F = Non-inter-level travel turns spent in this place divided by the number of levels of this place that you've seen.
                   A       B       C       D       E      F
               +-------+-------+-------+-------+-------+----------------------
         Total | 100.0 | 100.0 |   4.5 |  42.2 |  34.7 | 1268.6
       Dungeon |  57.8 |  57.7 |   4.7 |  39.9 |  38.3 | 1219.9
          Lair |  36.5 |  36.4 |   5.0 |  46.5 |  30.9 | 1922.7
  Orcish Mines |   2.4 |   2.5 |   1.0 |  30.5 |  23.9 | 400.0
         Sewer |   1.4 |   1.4 |   0.0 |  30.2 |  38.4 | 450.0
       Volcano |   1.9 |   2.0 |   0.0 |  56.1 |  13.7 | 629.0
               +-------+-------+-------+-------+-------+----------------------

Table legend:
 A = Kills in this place as a percentage of kills in entire the game.
 B = Kills by you in this place as a percentage of kills by you in the entire game.
 C = Kills by friends in this place as a percentage of kills by friends in the entire game.
 D = Other kills in this place as a percentage of other kills in the entire game.
 E = Experience gained in this place as a percentage of experience gained in the entire game.
 F = Experience gained in this place divided by the number of levels of this place that you have seen.
                   A       B       C       D       E      F
               +-------+-------+-------+-------+-------+----------------------
         Total | 100.0 | 100.0 | 100.0 | 100.0 | 100.0 | 4324.2
       Dungeon |  60.6 |  62.5 |  55.5 |  47.1 |  52.0 | 3751.1
          Lair |  30.5 |  27.5 |  38.7 |  52.9 |  42.5 | 7655.7
  Orcish Mines |   5.0 |   6.2 |   1.3 |   0.0 |   4.2 | 2287.5
         Sewer |   3.3 |   3.5 |   3.2 |   0.0 |   0.3 | 311.0
       Volcano |   0.6 |   0.4 |   1.3 |   0.0 |   0.9 | 1019.0
               +-------+-------+-------+-------+-------+----------------------
